 Dungeon Crawl Stone Soup version 0.19-a0-1888-g6ba2374 (webtiles) character file.

1510 Naow the Blocker (level 9, -4/65 HPs)
             Began as a Formicid Fighter on Oct 17, 2016.
             Slain by Edmund
             ... wielding a +3 dire flail of protection
              (12 damage)
             ... on level 5 of the Dungeon.
             The game lasted 00:07:16 (4939 turns).

Naow the Blocker (Formicid Fighter)                 Turns: 4939, Time: 00:07:17

Health: -4/65      AC:  9    Str: 24    XL:     9   Next: 9%
Magic:  9/9        EV: 10    Int:  8    God:
Gold:   290        SH: 13    Dex: 10    Spells: 0 memorised, 8 levels left

rFire  . . .     SeeInvis +     a - +1 war axe
rCold  . . .     Gourm    .     b - +0 scale mail
rNeg   . . .     Faith    .     c - +0 shield
rPois  .         Spirit   .     (helmet unavailable)
rElec  .         Dismiss  .     (no cloak)
rCorr  .         Reflect  .     F - +0 pair of gloves
MR     +....     Harm     .     C - +0 pair of boots
Stlth  ..........               (no amulet)
                                H - ring of teleportation
                                u - ring of protection from magic

@: no status effects
A: permanent stasis, dig shafts and tunnels, four strong arms, antennae 3
a: Dig, Shaft Self


You were on level 5 of the Dungeon.
You were not hungry.

You visited 1 branch of the dungeon, and saw 5 of its levels.

You collected 290 gold pieces.

Inventory:

Hand Weapons
 a - a +1 war axe (weapon)
Armour
 b - a +0 scale mail (worn)
 c - a +0 shield (worn)
 C - a +0 pair of boots (worn)
 F - a +0 pair of gloves (worn)
Jewellery
 u - a ring of protection from magic (left hand)
 H - a ring of teleportation (right hand)
Wands
 t - a wand of flame (25/48)
 B - a wand of flame (13/48)
Scrolls
 e - 5 scrolls of remove curse
 j - 5 scrolls of identify
 m - 2 scrolls of teleportation
 v - a scroll of blinking {unknown}
 w - a scroll of noise {unknown}
 y - a scroll of recharging {unknown}
 D - 3 scrolls of amnesia {unknown}
Potions
 d - a potion of might
 g - a potion of cancellation
 i - a potion of haste {unknown}
 k - 4 potions of heal wounds {unknown}
 p - a potion of cure mutation {unknown}
 q - a potion of ambrosia {unknown}
 s - a potion of invisibility {unknown}
 x - a potion of mutation {unknown}
 z - 2 potions of magic {unknown}
 A - 2 potions of flight {unknown}
Comestibles
 f - 3 bread rations
 h - 3 meat rations
 l - a slice of pizza
 E - a beef jerky


   Skills:
 - Level 3.7 Fighting
 - Level 3.2 Axes
 - Level 3.9 Armour
 - Level 1.0 Dodging
 + Level 12.1 Shields


You had 8 spell levels left.
You didn't know any spells.

Dungeon Overview and Level Annotations

Branches:
Dungeon (5/15)
 Temple: D:4-7

Altars:
Dithmenos
Elyvilon
Fedhas
Qazlal
Ru
Sif Muna
Uskayaw
Vehumet

Shops:
D:5 *?:=*

Annotations:
D:5 Edmund


Innate Abilities, Weirdness & Mutations

You are under a permanent stasis effect.
You can dig through walls and to a lower floor.
Your four strong arms can wield two-handed weapons with a shield.
You have a pair of large antennae on your head. (SInv)


Message History

Edmund zaps a wand.
The puff of flame hits you!
You closely miss Edmund.
Edmund is severely wounded.
Edmund hits you with a dire flail of protection.
Edmund zaps a wand.
The puff of flame hits you!
* * * LOW HITPOINT WARNING * * *
You are too injured to fight recklessly!
You are too injured to fight recklessly!
You hit Edmund.
Edmund is severely wounded.
Edmund hits you with a dire flail of protection.
* * * LOW HITPOINT WARNING * * *
You closely miss Edmund.
Edmund is severely wounded.
Edmund zaps a wand.
The puff of flame hits you!
* * * LOW HITPOINT WARNING * * *
You hit Edmund but do no damage.
Edmund is severely wounded.
Edmund hits you with a dire flail of protection!
You die...

# #.# #.# ##...## #
#.##.###.# ##'##
#........# #.#
####.#.#.## #.#
##...###.####.##
#.#.## ##.##...##
#.## ##....[.# ###
#.#.## ##.##...####..
##.#@###.####.###....
##@#.#.#####.###.#.#
## #..............#
########.###.### #.#
#.# # #.# #.### #.#
#.... #.# ##### #.#


You could see Edmund.

Vanquished Creatures
  The ghost of Naow the Chopper, an amateur FoFi of Okawaru (D:4)
  Grinder (D:4)
  Sigmund (D:4)
  3 ogres (D:4)
  A water moccasin zombie (D:5)
  A howler monkey (D:5)
  An orc priest (D:3)
  A bullfrog skeleton (D:5)
  An orc wizard (D:3)
  Ijyb (D:2)
  Jessica (D:2)
  Terence (D:2)
  Natasha (thrice) (D:2)
  4 worker ants
  Robin (D:4)
  A gnoll (D:1)
  10 adders
  2 shadow imps (D:5)
  2 oozes
  An adder skeleton (D:4)
  5 worms
  2 dart slugs
  A leopard gecko (D:1)
  10 orcs
  7 ball pythons
  4 giant cockroaches
  16 goblins
  9 hobgoblins
  12 jackals
  6 quokkas
  9 bats
  5 frilled lizards
  5 kobolds
  5 rats
134 creatures vanquished.

Notes
Turn   | Place    | Note
-------+----------+-------------------------------------------
     0 | D:1      | Naow the Formicid Fighter began the quest for the Orb.
     0 | D:1      | Reached XP level 1. HP: 18/18 MP: 1/1
   464 | D:1      | Reached XP level 2. HP: 12/24 MP: 2/2
   698 | D:1      | Reached XP level 3. HP: 29/29 MP: 3/3
  1190 | D:2      | Reached XP level 4. HP: 36/36 MP: 4/4
  1230 | D:2      | Noticed Jessica
  1237 | D:2      | Killed Jessica
  1237 | D:2      | Reached skill level 1 in Dodging
  1237 | D:2      | Reached skill level 4 in Shields
  1319 | D:2      | Noticed Terence
  1335 | D:2      | Reached XP level 5. HP: 34/42 MP: 5/5
  1340 | D:2      | Killed Terence
  1432 | D:2      | Found a deep blue altar of Sif Muna.
  1432 | D:2      | Found a hide-covered altar of Uskayaw.
  1467 | D:2      | Reached skill level 5 in Shields
  1623 | D:2      | Noticed Ijyb
  1633 | D:2      | Killed Ijyb
  1633 | D:2      | Reached XP level 6. HP: 45/48 MP: 6/6
  1701 | D:2      | Reached skill level 6 in Shields
  1746 | D:2      | Noticed Natasha
  1751 | D:2      | Killed Natasha
  1798 | D:2      | Noticed Natasha
  1805 | D:2      | Killed Natasha
  1911 | D:2      | Noticed Natasha
  1926 | D:2      | Killed Natasha
  2190 | D:3      | Reached skill level 7 in Shields
  2212 | D:3      | Reached XP level 7. HP: 25/53 MP: 7/7
  2393 | D:3      | Found a stormy altar of Qazlal.
  2493 | D:3      | Found a radiant altar of Vehumet.
  2599 | D:3      | Found a faded altar of an unknown god.
  2671 | D:3      | Found a blossoming altar of Fedhas.
  2962 | D:3      | Found a white marble altar of Elyvilon.
  3121 | D:4      | Noticed Naow's ghost (amateur FoFi)
  3138 | D:4      | Killed Naow's ghost
  3138 | D:4      | Reached skill level 8 in Shields
  3341 | D:4      | Noticed Sigmund
  3353 | D:4      | Killed Sigmund
  3353 | D:4      | Reached skill level 9 in Shields
  3353 | D:4      | Reached XP level 8. HP: 39/60 MP: 8/8
  3469 | D:4      | Noticed Robin
  3492 | D:4      | Killed Robin
  3591 | D:4      | Noticed Grinder
  3610 | D:4      | Killed Grinder
  3610 | D:4      | Reached skill level 10 in Shields
  3943 | D:4      | Reached skill level 11 in Shields
  4228 | D:5      | Entered Level 5 of the Dungeon
  4248 | D:5      | Found Durrea's General Store.
  4355 | D:5      | Found Koja's Jewellery Boutique.
  4431 | D:5      | Found a shadowy altar of Dithmenos.
  4523 | D:5      | Found Nuajol's General Store.
  4524 | D:5      | Found a sacrificial altar of Ru.
  4529 | D:5      | Reached XP level 9. HP: 63/65 MP: 9/9
  4626 | D:5      | Found Ganiudd's Book Boutique.
  4752 | D:5      | Found Adev's Magic Scroll Shop.
  4863 | D:5      | Reached skill level 12 in Shields
  4921 | D:5      | Noticed Edmund
  4939 | D:5      | Slain by Edmund

Vault maps used:
D:1:      dpeg_arrival_tiny_i, hangedman_abyss_or_decor_stabs,
          minmay_crystal_room
D:2:      gammafunk_temple_overflow_wave, first_bread, minmay_snake_closets,
          uniq_natasha, uniq_iyjb, uniq_terence, uniq_jessica
D:3:      grunt_qazlal_sundering, lemuel_coloured_pillars_altar,
          lemuel_round_altar, ecumenical_altar_2, fedhas_altar_1
D:4:      uniq_sigmund, uniq_grinder, uniq_robin
D:5:      overflow_temple_1_default, lemuel_doored_altar, serial_shops, shop,
          nicolae_shop_temple_entry_statues_fountains, shop_statue, shop,
          nicolae_shop_trees, uniq_edmund

Skill      XL: |  1  2  3  4  5  6  7  8  9 |
---------------+----------------------------+-----
Axes           | 3 |  3.2
Dodging        | 1 |  1.0
Shields        | 4 5 7 9 11 12 | 12.1
Fighting       | |  3.7
Armour         | |  3.9

Action                   |  1- 3 |  4- 6 |  7- 9 || total
-------------------------+-------+-------+-------++-------
Melee: War axe           |    89 |   197 |   263 ||   549
  Use: Potion            |       |       |     1 ||     1
       Scroll            |       |       |     6 ||     6
  Eat: Chunk             |     1 |     4 |     9 ||    14
Armor: Scale mail        |    44 |    70 |    62 ||   176
Dodge: Dodged            |    37 |    81 |    79 ||   197
Block: Shield            |    53 |   115 |   160 ||   328
